 Dungeon Crawl Stone Soup version 0.30-a0-135-g630cfc4551 (webtiles) character file.

Game seed: 3123394903887764910

8676 IdlyInterested the Covert (level 11, -7/80 HPs)
             Began as a Demonspawn Wanderer on Sept 20, 2022.
             Mangled by a raiju (8 damage)
             ... on level 2 of the Abyss.
             The game lasted 00:44:42 (11757 turns).

IdlyInterested the Covert (Demonspawn Wanderer)    Turns: 11757, Time: 00:44:42

Health: -7/80      AC: 11    Str: 10    XL:     11   Next: 13%
Magic:  12/12      EV: 13    Int: 10    God:
Gold:   37         SH: 10    Dex: 23    Spells: 12/12 levels left

rFire   . . .      SeeInvis .    j - +3 short sword (speed)
rCold   . . .      Faith    .    z - +0 buckler
rNeg    . . .      Spirit   .    l - +2 troll leather armour {Pargi}
rPois   +          Reflect  .    m - +1 hat
rElec   .          Harm     .    (no cloak)
rCorr   .          Rampage  +    (no gloves)
Will    +....      Clarity  +    q - +2 pair of boots {rampage}
Stlth   ++++......               (no amulet)
HPRegen 1.03/turn                O - ring of willpower
MPRegen 0.13/turn                e - ring of poison resistance

@: mighty
A: antennae 1, sharp scales 1, condensation shield, clarity, frail 1,
(teleportitis 1)
a: no special abilities


You were on level 2 of the Abyss.
You visited 2 branches of the dungeon, and saw 11 of its levels.
You visited the Abyss 1 time.
You also visited: Sewer.

You collected 439 gold pieces.
You spent 402 gold pieces at shops.

Inventory:

Hand Weapons
 a - a +2 dagger
 i - a +3 dagger of venom
 j - a +3 short sword of speed (weapon)
 H - a +5 long sword of freezing
 Q - a +2 vampiric dagger
Missiles
 f - 7 curare-tipped darts
 u - 10 boomerangs
 w - 26 poisoned darts (quivered)
 y - 2 throwing nets
 J - 3 javelins
 R - 3 boomerangs of dispersal
Armour
 l - a +2 troll leather armour (worn) {Pargi}
 m - a +1 hat (worn)
 q - a +2 pair of boots of rampaging (worn)
 z - a +0 buckler (worn)
 P - the +0 leather armour of Gilovif {rCorr SInv}
   (You found it on level 9 of the Dungeon)

   SInv:      It lets you see invisible.
   rCorr:     It protects you from acid and corrosion.
Magical Staves
 C - a staff of cold
Jewellery
 e - a ring of poison resistance (right hand)
 r - a ring of resist corrosion
 t - a ring of fire
 M - a ring of protection from cold
 O - a ring of willpower (left hand)
 T - a +4 ring of evasion
Wands
 v - a wand of quicksilver (3)
 G - a wand of charming (25)
 K - a wand of mindburst (10)
 L - a wand of flame (28)
Scrolls
 b - a scroll of blinking
 c - a scroll of silence
 d - 6 scrolls of teleportation
 k - 2 scrolls of amnesia
 x - 4 scrolls of identify
 I - a scroll of vulnerability
 S - a scroll of fog
 U - a scroll of enchant weapon
Potions
 g - 3 potions of might
 h - a potion of mutation
 n - 3 potions of curing
 o - 4 potions of resistance
 p - a potion of haste
 s - 2 potions of flight
 B - 3 potions of ambrosia
 D - 2 potions of attraction
 E - a potion of lignification
 F - 4 potions of brilliance
 V - a potion of berserk rage
Miscellaneous
 A - a phantom mirror (inert)


   Skills:
 - Level 9.0 Fighting
 * Level 8.9 Short Blades
 - Level 1.0 Throwing
 - Level 1.0 Armour
 - Level 4.0 Dodging
 - Level 9.0 Stealth
 + Level 2.4 Shields
 - Level 1.0 Spellcasting
 - Level 1.0 Transmutations
 - Level 2.4 Invocations
 - Level 6.0 Evocations


You had 12 spell levels left.
You didn't know any spells.
Your spell library contained the following spells:

 Spells                   Type           Power      Damage    Failure   Level
 Wereblood                Tmut           2%         N/A       52%         2
 Passwall                 Tmut/Erth      0%         N/A       58%         2
 Gell's Gravitas          Tloc           0%         N/A       88%         3
 Ozocubu's Armour         Ice            0%         N/A       88%         3
 Teleport Other           Tloc           0%         N/A       88%         3
 Arcjolt                  Conj/Air       0%         1d10      100%        5
 Iskenderun's Battlesphe  Conj           0%         2d6       100%        5
 Dispersal                Tloc           0%         N/A       100%        6
 Iron Shot                Conj/Erth      0%         9d1       100%        6
 Ozocubu's Refrigeration  Ice            0%         4d7       100%        7
 Spellforged Servitor     Conj/Summ      0%         N/A       100%        7


Dungeon Overview and Level Annotations

Branches:
Dungeon (10/15)            Temple (1/1) D:7            Lair (0/5) D:10
  Sewer (visited)
    Orc: D:9-12

Altars:
Ashenzari
Cheibriados
Dithmenos
Fedhas
Gozag
Hepliaklqana
Kikubaaqudgha
Makhleb
Nemelex Xobeh
Okawaru
Qazlal
Ru
Sif Muna
Trog
Uskayaw
Vehumet
Wu Jian
Xom
Yredelemnul

Shops:
D:6 !   D:7 ?   D:9 ((=?[

Annotations:
D:10 Sonja


Innate Abilities, Weirdness & Mutations

You have a pair of small antennae on your head.
You are partially covered in razor-sharp scales. (AC +1, Slay +1)
A meltable shield of frost defends you. (SH +4)
You possess an exceptional clarity of mind.
You are frail. (-10% HP)
((You are occasionally teleported next to monsters.))


Message History

You barely miss the raiju.
The raiju is lightly wounded.
You block the raiju's attack.
The raiju bursts into living lightning!
The living lightning hits you!
* * * LOW HITPOINT WARNING * * *
The living lightning hits the raiju.
The raiju completely resists.
The raiju blinks!
You puncture the raiju!
The raiju is heavily wounded.
You puncture the raiju!
The raiju is severely wounded.
You closely miss the raiju.
The raiju is severely wounded.
The raiju misses you.
The raiju bursts into living lightning!
The living lightning hits the raiju.
The raiju completely resists.
The living lightning hits you.
* * * LOW HITPOINT WARNING * * *
The raiju blinks!
You puncture the raiju!
The raiju is almost dead.
You miss the raiju.
The raiju is almost dead.
The raiju bites you but does no damage. You block the raiju's attack.
You miss the raiju.
The raiju is almost dead.
You puncture the raiju!
You kill the raiju!
You block the raiju's attack.
You puncture the raiju!
The raiju is moderately wounded.
You barely miss the raiju.
The raiju is moderately wounded.
You hit the raiju.
The raiju is heavily wounded.
The raiju bites you!
* * * LOW HITPOINT WARNING * * *
The raiju shocks you!
You die...

#. # # ...# ..
. #..#..##....
. # # #........
.# # ...... .
....#. .# #.. .
#.#.. .##.##
#.#..).....## .
.#.
#...#........ .
. #..##.#...#.#
#. . # .
#._..@..#... #.
#..#..h..##.#..
.. .#.....#....
. . . ##
#.##.#...... .
.# ~~'
#..#..#... ~
~~~~ #.. .. .
'# ~~# #.. ..
#. ## #..# ...
. .


You could see a raiju.

Vanquished Creatures
  A deep elf sorcerer (Abyss:2)
  2 trolls (D:9)
  2 raiju (Abyss:2)
  A large abomination (Abyss:2)
  A shadow (D:9)
  4 yaks (D:9)
  A neqoxec (Abyss:2)
  Edmund (D:5)
  Duvessa (D:4)
  4 black bears
  4 ice beasts
  2 water moccasins
  An orc warrior (D:8)
  Pargi (D:3)
  3 sky beasts
  5 centaurs
  2 phantoms (D:6)
  Blork the orc (D:5)
  5 kobold brigands
  3 bullfrogs
  2 necrophages (D:5)
  2 scorpions (D:5)
  11 wights
  Dowan (D:4)
  11 killer bees
  2 jellies
  2 howler monkeys (D:9)
  3 hounds
  An orc priest (D:9)
  A gnoll bouda (D:5)
  Ijyb (D:5)
  8 orc wizards
  5 iguanas
  11 gnolls
  14 adders
  5 river rats
  3 white imps
  An ufetubus (D:5)
  4 worms
  A dart slug (D:3)
  27 orcs
  8 endoplasms
  2 giant cockroaches (D:3)
  10 goblins
  7 hobgoblins
  5 quokkas
  14 ball pythons
  6 bats (D:1)
  9 frilled lizards
  21 kobolds
  13 rats
  A spectral goblin (D:4)
257 creatures vanquished.

Vanquished Creatures (collateral kills)
  A two-headed ogre (D:9)
  A yak (D:9)
2 creatures vanquished.

Vanquished Creatures (others)
  A yak (D:9)
  36 plants (Sewer)
37 creatures vanquished.

Grand Total: 296 creatures vanquished

Notes
Turn   | Place    | Note
-------+----------+-------------------------------------------
     0 | D:1      | IdlyInterested the Demonspawn Wanderer began the quest for
                  | the Orb.
     0 | D:1      | IdlyInterested set off with the following items: a +2
                  | dagger, a scroll of blinking, a scroll of silence, a scroll
                  | of teleportation, a +0 robe; and the following spells
                  | available to memorise: Wereblood, Passwall.
     0 | D:1      | Reached XP level 1. HP: 15/15 MP: 2/2
   361 | D:1      | Gained mutation: A meltable shield of frost defends you.
                  | (SH +4) [demonic ancestry]
   361 | D:1      | Reached XP level 2. HP: 19/21 MP: 3/3
  1010 | D:1      | Reached skill level 1 in Short Blades
  1094 | D:1      | Gained mutation: You have a pair of small antennae on your
                  | head. [demonic ancestry]
  1094 | D:1      | Reached XP level 3. HP: 26/27 MP: 4/4
  1383 | D:2      | Reached skill level 1 in Armour
  2412 | D:2      | Reached XP level 4. HP: 34/34 MP: 5/5
  3013 | D:3      | Reached skill level 1 in Dodging
  3016 | D:3      | Noticed Pargi
  3035 | D:3      | Killed Pargi
  3036 | D:3      | Reached skill level 1 in Throwing
  3036 | D:3      | Reached XP level 5. HP: 42/42 MP: 6/6
  3652 | D:3      | Reached skill level 1 in Evocations
  3750 | D:3      | Reached XP level 6. HP: 49/49 MP: 7/7
  3918 | D:4      | Found a glowing drain.
  3922 | Sewer    | Entered a sewer
  4357 | Sewer    | Reached skill level 5 in Fighting
  4513 | Sewer    | Gained mutation: You are partially covered in razor-sharp
                  | scales. (AC +1, Slay +1) [demonic ancestry]
  4513 | Sewer    | Reached XP level 7. HP: 56/56 MP: 8/8
  4654 | Sewer    | Reached skill level 5 in Stealth
  5287 | D:4      | Noticed Duvessa
  5288 | D:4      | Noticed Dowan
  5305 | D:4      | Killed Duvessa
  5314 | D:4      | Killed Dowan
  5591 | D:4      | Found a hazy altar of Hepliaklqana.
  5776 | D:5      | Entered Level 5 of the Dungeon
  5776 | D:5      | Noticed Blork the orc
  5794 | D:5      | Killed Blork the orc
  5808 | D:5      | Reached skill level 1 in Shields
  5874 | D:5      | Reached XP level 8. HP: 62/62 MP: 9/9
  6324 | D:5      | Noticed Ijyb
  6330 | D:5      | Killed Ijyb
  6577 | D:5      | Reached skill level 5 in Short Blades
  7096 | D:5      | Noticed Edmund
  7110 | D:5      | Killed Edmund
  7174 | D:6      | Found Zief's Distillery.
  7272 | D:6      | Reached XP level 9. HP: 70/71 MP: 10/10
  7846 | D:6      | Gained mutation: You expend magic power (3 MP) to
                  | strengthen your wands. [potion of mutation]
  7846 | D:6      | Gained mutation: Your magical capacity is low. (-10% MP)
                  | [potion of mutation]
  7846 | D:6      | Gained mutation: You occasionally lose the ability to drink
                  | potions when taking damage. [potion of mutation]
  7846 | D:6      | Gained mutation: Your flesh is heat resistant. (rF+)
                  | [potion of mutation]
  8237 | D:6      | Bought a potion of degeneration for 11 gold pieces
  8237 | D:6      | Bought a potion of attraction for 33 gold pieces
  8237 | D:6      | Bought a potion of lignification for 33 gold pieces
  8237 | D:6      | Bought a potion of brilliance for 44 gold pieces
  8237 | D:6      | Bought a potion of ambrosia for 88 gold pieces
  8380 | D:7      | Found Vezolefy's Magic Scroll Emporium.
  8692 | D:7      | Found a staircase to the Ecumenical Temple.
  8702 | Temple   | Entered the Ecumenical Temple
  9399 | D:7      | Lost mutation: Your magical capacity is low. (-10% MP)
                  | [potion of mutation]
  9399 | D:7      | Lost mutation: Your flesh is heat resistant. (rF+) [potion
                  | of mutation]
  9399 | D:7      | Gained mutation: You are occasionally teleported next to
                  | monsters. [potion of mutation]
  9470 | D:6      | Bought a potion of mutation for 88 gold pieces
  9471 | D:6      | Lost mutation: You occasionally lose the ability to drink
                  | potions when taking damage. [potion of mutation]
  9471 | D:6      | Lost mutation: You expend magic power (3 MP) to strengthen
                  | your wands. [potion of mutation]
  9471 | D:6      | Gained mutation: You possess an exceptional clarity of
                  | mind. [potion of mutation]
  9471 | D:6      | Gained mutation: You are frail. (-10% HP) [potion of
                  | mutation]
  9895 | D:8      | Reached skill level 5 in Evocations
  9982 | D:8      | Reached XP level 10. HP: 70/71 MP: 11/11
 10795 | D:9      | Found Voruos's Jewellery Emporium.
 10801 | D:9      | Found Xypeurot's Weapon Shop.
 10875 | D:9      | Identified the +0 leather armour of Gilovif {rCorr SInv}
 11049 | D:9      | Found Jeutaux's Magic Scroll Shoppe.
 11063 | D:9      | Noticed a two-headed ogre
 11077 | D:9      | Killed a two-headed ogre
 11139 | D:9      | Found Atoifaun's Armour Boutique.
 11259 | D:9      | Found Saapseene's Antique Weapon Shop.
 11510 | D:9      | Bought a scroll of enchant armour for 105 gold pieces
 11518 | D:10     | Entered Level 10 of the Dungeon
 11519 | D:10     | Found a staircase to the Lair.
 11609 | D:10     | Noticed Sonja
 11614 | Abyss:2  | Cast into level 2 of the Abyss (Sonja)
 11667 | Abyss:2  | Found an iron altar of Okawaru.
 11677 | Abyss:2  | Noticed a deep elf sorcerer
 11678 | Abyss:2  | Found an iron altar of Okawaru.
 11693 | Abyss:2  | Killed a deep elf sorcerer
 11694 | Abyss:2  | Reached XP level 11. HP: 50/80 MP: 12/12
 11757 | Abyss:2  | HP: 1/80 [raiju (7)]
 11757 | Abyss:2  | Mangled by a raiju

Illustrated notes

Levels and vault maps discovered:
D:1:      nicolae_arrival_memento_mori, layout_loops_ring
D:2:      layout_basic
D:3:      wad_river_or_something, layout_loops_ring, eino_curves_04,
          grunt_ministairs_4, minmay_checkerbox, uniq_pargi
D:4:      layout_basic, nicolae_hepliaklqana_monster_ancestors,
          gup_sewer_entry_bowl, hangedman_decor_slide_cut, uniq_duvessa
D:5:      nicolae_cairo_tiling, layout_loops_corners,
          chequers_serial_rivers_large_b, hangedman_minor_gate_pass,
          uniq_edmund, uniq_blork_the_orc, uniq_ijyb
D:6:      layout_loops_corners, serial_shops, nicolae_diamond_shop
D:7:      layout_basic, minmay_temple_entry_wispy, serial_shops,
          nicolae_square_shop
D:8:      layout_loops_corners, eino_tiny_chamber
D:9:      layout_cave_pools, serial_shops, nicolae_inconvenience_store,
          nicolae_shop_stone, kennysheep_little_box, shop_fountains, shop,
          hex_tiny, nicolae_elevator_lobby_asterisk
D:10:     layout_irregular_city, lair_entry_dummy, enter_bailey_3, uniq_psyche,
          uniq_sonja
Temple:   compressed_dpeg_triangle_lava_temple
Abyss:2:  base:
D:4

Skill      XL: |  1  2  3  4  5  6  7  8  9 10 |
---------------+-------------------------------+-----
Fighting       | 2 3 4 5 6 7 9 |  9.0
Short Blades   | 1 2 3 4 5 7 8 |  8.9
Armour         | 1 |  1.0
Dodging        | 1 2 4 |  4.0
Throwing       | 1 |  1.0
Evocations     | 1 2 3 5 6 |  6.0
Stealth        | 6 7 8 9 |  9.0
Shields        | 1 2 |  2.4
Spellcasting   | |  1.0
Transmutations | |  1.0
Invocations    | |  2.4

Action                   |  1- 3 |  4- 6 |  7- 9 | 10-12 || total
-------------------------+-------+-------+-------+-------++-------
Melee: Dagger            |   144 |   249 |   109 |       ||   502
       Punch             |       |     3 |     2 |       ||     5
       Short sword       |       |       |   508 |   379 ||   887
Throw: Dart              |       |     5 |    12 |     1 ||    18
Evoke: Wand              |       |       |       |     2 ||     2
       Phantom mirror    |       |       |       |     1 ||     1
  Use: Scroll            |     5 |     4 |     9 |     1 ||    19
       Potion            |       |     1 |     6 |     3 ||    10
 Stab: Sleeping          |     9 |    12 |    18 |     4 ||    43
       Distracted        |       |       |     1 |     1 ||     2
Armor: Robe              |     4 |       |       |       ||     4
       Ring mail         |    42 |    15 |       |       ||    57
       Troll leather arm |       |    29 |   112 |    53 ||   194
Dodge: Dodged            |    50 |    88 |   120 |    69 ||   327
Block: Other             |    14 |    31 |     4 |       ||    49
       Buckler           |       |       |   117 |    82 ||   199

Table legend: (Time is in decaauts)
 A = Elapsed time spent in this place.
 B = Non-inter-level travel time spent in this place.
 C = Inter-level travel time spent in this place.
 D = Time resting spent in this place.
 E = Time spent auto-exploring this place.
 F = Levels seen in this place.
 G = Mean time per level.
                   A        B        C        D        E       F      G
               +--------+--------+--------+--------+--------+-----+--------+
         Total |  11425 |   9933 |   1492 |   1214 |   5505 |  13 |  878.8 |
       Dungeon |  10165 |   8673 |   1492 |    914 |   5243 |  10 | 1016.5 |
        Temple |    221 |    221 |      0 |      0 |    196 |   1 |  221.0 |
         Abyss |     93 |     93 |      0 |      0 |     41 |   1 |   93.0 |
         Sewer |    944 |    944 |      0 |    300 |     24 |   1 |  944.0 |
               +--------+--------+--------+--------+--------+-----+--------+

Top non-repeatable levels by time:
     D:2: 1389 daAuts
     D:1: 1357 daAuts
     D:3: 1279 daAuts
     D:5: 1209 daAuts
     D:6: 1203 daAuts
     D:4: 1070 daAuts
     D:8: 973 daAuts
   Sewer: 944 daAuts
     D:7: 888 daAuts
     D:9: 707 daAuts
  Temple: 221 daAuts
 Abyss:2: 93 daAuts
    D:10: 86 daAuts
